 Dungeon Crawl Stone Soup version 0.18-a0-1727-g7ae74ef (webtiles) character file.

22013 Murumi the Blocker (level 13, -2/103 HPs)
             Began as a Formicid Fighter on Apr 10, 2016.
             Was a High Priest of Elyvilon.
             Slain by a frost giant
             ... wielding a +1 battleaxe of freezing
              (4 damage)
             ... in an ice cave.
             The game lasted 01:10:13 (12491 turns).

Murumi the Blocker (Formicid Fighter)              Turns: 12491, Time: 01:10:14

Health: -2/103     AC: 18    Str: 25    XL:     13   Next: 24%
Magic:  12/20      EV:  6    Int:  9    God:    Elyvilon [*****.]
Gold:   801        SH: 19    Dex: 10    Spells: 0 memorised, 12 levels left

rFire  . . .     SeeInvis +     e - +2 scimitar (flame)
rCold  + . .     Gourm    .     P - +0 plate armour
rNeg   . . .     Faith    .     v - +1 large shield
rPois  .         Spirit   .     (helmet unavailable)
rElec  .         Dismiss  .     r - +0 cloak
rCorr  .         Reflect  .     l - +0 pair of gloves
SustAt .         Harm     .     u - +0 pair of boots
MR     +....                    w - amulet of regeneration
Stlth  ..........               y - ring of protection from cold
                                o - +3 ring of slaying

@: somewhat resistant to hostile enchantments, extremely unstealthy
A: permanent stasis, dig shafts and tunnels, four strong arms, antennae 3
a: Dig, Shaft Self, Lesser Healing, Heal Other, Purification, Greater Healing,
Divine Vigour, Divine Protection, Renounce Religion


You were in an ice cave.
You worshipped Elyvilon.
Elyvilon was extremely pleased with you.
You were near starving.

You visited 3 branches of the dungeon, and saw 15 of its levels.
You also visited: Sewer and Ice Cave.

You collected 801 gold pieces.

Inventory:

Hand Weapons
 e - a +2 scimitar of flaming (weapon)
 f - a +3 hunting sling of freezing
Missiles
 c - 57 sling bullets
 h - 233 stones (quivered)
Armour
 l - a +0 pair of gloves (worn)
 r - a +0 cloak (worn)
 u - a +0 pair of boots (worn)
 v - a +1 large shield (worn)
 P - a +0 plate armour (worn)
Jewellery
 o - a +3 ring of slaying (left hand)
 p - an uncursed ring of stealth
 t - an uncursed ring of poison resistance
 w - an amulet of regeneration (around neck)
 y - a ring of protection from cold (right hand)
 E - an uncursed amulet of magic regeneration
 F - an uncursed ring of resist corrosion
Wands
 J - a wand of iceblast (9/15)
 L - a wand of flame (20/48)
Scrolls
 m - 7 scrolls of remove curse
 q - a scroll of enchant weapon
 D - 4 scrolls of fear
 G - 2 scrolls of amnesia
 I - 4 scrolls of recharging
Potions
 b - 2 potions of degeneration {unknown}
 d - 4 potions of might
 j - 6 potions of agility
 n - 6 potions of heal wounds
 x - 3 potions of lignification
 z - 3 potions of brilliance
 A - 2 potions of haste {unknown}
 B - 3 potions of curing {unknown}
 H - 2 potions of cancellation {unknown}
 K - a potion of ambrosia {unknown}
 M - a potion of berserk rage {unknown}
 N - 3 potions of resistance {unknown}
 Q - a potion of magic {unknown}
Comestibles
 a - 8 bread rations
 g - 6 meat rations
 i - 14 beef jerkies
 k - 17 fruits
 s - 2 slices of pizza
 C - 6 chunks of flesh


   Skills:
 - Level 10.1 Fighting
 - Level 9.0 Long Blades
 - Level 10.0 Slings
 - Level 10.0 Armour
 - Level 11.0 Shields
 + Level 10.2 Invocations


You had 12 spell levels left.
You didn't know any spells.

Dungeon Overview and Level Annotations

Branches:
Dungeon (10/15)            Temple (1/1) D:6            Lair (4/8) D:9
    Orc (0/2) D:9
  Swamp: Lair:3-6    Shoals: Lair:3-6     Snake: Lair:3-6    Spider: Lair:3-6

Altars:
Ashenzari
Cheibriados
Dithmenos
Elyvilon
Fedhas
Gozag
Kikubaaqudgha
Makhleb
Nemelex Xobeh
Okawaru
Pakellas
Qazlal
Ru
Sif Muna
Trog
Vehumet
Xom
Yredelemnul
Zin
The Shining One


Innate Abilities, Weirdness & Mutations

You are under a permanent stasis effect.
You can dig through walls and to a lower floor.
Your four strong arms can wield two-handed weapons with a shield.
You have a pair of large antennae on your head (SInv).


Message History

The frost giant is almost dead.
The frost giant hits you with a battleaxe of freezing!
* * * LOW HITPOINT WARNING * * *
Some of the chunks of flesh in your inventory have rotted away.
You are healed.
You feel somewhat more hungry.
The frost giant hits you with a battleaxe of freezing!!
* * * LOW HITPOINT WARNING * * *
The frost giant freezes you.
* * * LOW HITPOINT WARNING * * *
You are healed.
You are near starving!
You are healed.
You feel somewhat more hungry.
The frost giant points at you and mumbles some strange words.
The bolt of cold hits you! You resist.
* * * LOW HITPOINT WARNING * * *
You are healed.
You feel somewhat more hungry.
The frost giant hits you with a battleaxe of freezing!!
* * * LOW HITPOINT WARNING * * *
The frost giant freezes you.
You die...

...{ ≈≈≈# ..Y.{ ######
≈≈ ..C.. ###....### # #
.....####...#....#######
#.{{#....####.....#...
#{{{#### ####.....÷
###{# ####### #C## #
##@# ###


You could see a frost giant.

Vanquished Creatures
  Erolcha (D:8)
  A hydra (Lair:2)
  Erica (D:8)
  An ice statue (IceCv)
  A black mamba (Lair:1)
  Psyche (D:8)
  4 spiny frogs
  A rime drake (Lair:1)
  A troll (D:7)
  14 polar bears (IceCv)
  Prince Ribbit (D:6)
  12 blink frogs
  Sigmund (D:4)
  23 yaks
  A hungry ghost (D:8)
  2 basilisks (Lair:1)
  3 hippogriffs
  Menkaure (D:6)
  6 water moccasins
  5 porcupines (Lair:1)
  2 phantoms
  10 ice beasts
  A wasp (D:9)
  3 orc warriors
  4 sky beasts
  2 ogres
  9 wolves
  2 centaurs
  6 crocodiles
  8 giant frogs
  2 gnoll sergeants
  A wyvern zombie (D:7)
  2 scorpions
  5 wights (D:9)
  An electric eel (Lair:1)
  5 howler monkeys
  3 crimson imps
  A centaur zombie (D:7)
  A quasit (D:7)
  A jelly (D:6)
  2 giant frog skeletons
  6 hounds
  4 orc priests
  5 orc wizards
  4 centaur skeletons
  5 iguanas
  7 worker ants
  A hound zombie (D:9)
  Robin (D:4)
  A worker ant zombie (D:5)
  3 adders
  13 gnolls
  40 river rats
  A shadow imp (D:9)
  An adder skeleton (D:6)
  2 worms
  2 dart slugs
  11 giant geckos
  27 orcs
  4 ball pythons
  8 giant cockroaches
  15 goblins
  6 hobgoblins
  9 jackals
  4 kobolds
  A quokka (D:6)
  7 bats
  12 giant newts
  15 rats
367 creatures vanquished.

Vanquished Creatures (collateral kills)
  2 blink frogs (Lair:2)
2 creatures vanquished.

Vanquished Creatures (others)
  A bush (Lair:1)
  A fungus (Lair:2)
  A plant (Lair:1)
3 creatures vanquished.

Grand Total: 372 creatures vanquished

Notes
Turn   | Place    | Note
--------------------------------------------------------------
     0 | D:1      | Murumi the Formicid Fighter began the quest for the Orb.
     0 | D:1      | Reached XP level 1. HP: 18/18 MP: 1/1
    85 | D:1      | Reached skill level 4 in Shields
   100 | D:1      | Reached XP level 2. HP: 15/24 MP: 2/2
   638 | D:1      | Reached XP level 3. HP: 25/29 MP: 3/3
   845 | D:2      | Found a faded altar to an unknown god.
   962 | D:2      | Reached skill level 1 in Slings
  1448 | D:3      | Reached XP level 4. HP: 29/35 MP: 4/4
  1701 | D:3      | Found an opulent altar of Gozag.
  2046 | D:3      | Reached XP level 5. HP: 41/41 MP: 5/5
  2486 | D:4      | Reached XP level 6. HP: 31/49 MP: 6/6
  2616 | D:4      | Noticed Robin
  2636 | D:4      | Killed Robin
  2745 | D:4      | Found a basalt altar of Yredelemnul.
  2786 | D:4      | Noticed an ogre
  2790 | D:4      | Noticed Sigmund
  2795 | D:4      | Killed an ogre
  2795 | D:4      | Reached skill level 5 in Shields
  2795 | D:4      | Reached XP level 7. HP: 55/55 MP: 7/7
  2811 | D:4      | Killed Sigmund
  2811 | D:4      | Reached skill level 6 in Shields
  3002 | D:4      | Found an opulent altar of Gozag.
  3002 | D:4      | Found a sacrificial altar of Ru.
  3003 | D:4      | Found an iron altar of Okawaru.
  3058 | D:4      | Found a glowing golden altar of the Shining One.
  3064 | D:4      | Found a blossoming altar of Fedhas.
  3083 | D:5      | Entered Level 5 of the Dungeon
  3186 | D:5      | Reached skill level 7 in Shields
  3200 | D:5      | Found a glowing drain.
  3225 | Sewer    | Entered a sewer
  3392 | Sewer    | Reached XP level 8. HP: 61/61 MP: 8/8
  3913 | D:5      | Reached skill level 8 in Shields
  4433 | D:5      | Reached skill level 5 in Fighting
  4713 | D:6      | Found a staircase to the Ecumenical Temple.
  4713 | D:6      | Noticed Menkaure
  4719 | D:6      | Killed Menkaure
  4719 | D:6      | Reached skill level 5 in Armour
  4742 | Temple   | Entered the Ecumenical Temple
  4801 | Temple   | Became a worshipper of Elyvilon the Healer
  4939 | D:6      | Noticed Prince Ribbit
  4957 | D:6      | Killed Prince Ribbit
  4957 | D:6      | Reached XP level 9. HP: 60/68 MP: 9/9
  5001 | D:6      | Found a shimmering altar of Xom.
  5451 | D:6      | Found a burning altar of Makhleb.
  5670 | D:6      | Reached * piety under Elyvilon
  5933 | D:7      | Noticed a troll
  5941 | D:7      | Killed a troll
  5941 | D:7      | Reached skill level 5 in Invocations
  5983 | D:7      | Found a deep blue altar of Sif Muna.
  6089 | D:7      | Reached skill level 5 in Slings
  6344 | D:7      | Found a sparkling altar of Nemelex Xobeh.
  6655 | D:8      | Noticed Psyche
  6698 | D:8      | Reached XP level 10. HP: 74/74 MP: 13/15
  6784 | D:8      | Killed Psyche
  6794 | D:8      | Noticed Erolcha
  6812 | D:8      | Killed Erolcha
  6971 | D:8      | Reached ** piety under Elyvilon
  7213 | D:8      | Noticed Erica
  7229 | D:8      | Killed Erica
  7704 | D:8      | Reached skill level 10 in Fighting
  7776 | D:9      | Reached skill level 5 in Long Blades
  7883 | D:9      | Reached XP level 11. HP: 90/90 MP: 16/16
  7938 | D:9      | Found a staircase to the Orcish Mines.
  8379 | D:9      | Found a radiant altar of Vehumet.
  8451 | D:9      | Found a staircase to the Lair.
  8629 | D:9      | Found a shattered altar of Ashenzari.
  8860 | D:10     | Entered Level 10 of the Dungeon
  8928 | D:10     | Reached *** piety under Elyvilon
  8982 | Lair:1   | Entered Level 1 of the Lair of Beasts
  9172 | Lair:1   | Reached skill level 9 in Shields
  9725 | Lair:1   | Reached **** piety under Elyvilon
 10085 | Lair:2   | Reached XP level 12. HP: 78/97 MP: 18/18
 10232 | Lair:2   | Reached skill level 10 in Shields
 10346 | Lair:2   | Noticed a five-headed hydra
 10361 | Lair:2   | Killed a one-headed hydra
 10361 | Lair:2   | Reached skill level 10 in Invocations
 10508 | Lair:2   | Identified a scroll of acquirement
 11349 | Lair:3   | Reached ***** piety under Elyvilon
 11985 | Lair:4   | Found a frozen archway.
 12026 | IceCv    | Entered an ice cave
 12095 | IceCv    | Reached skill level 10 in Slings
 12095 | IceCv    | Reached XP level 13. HP: 69/103 MP: 20/20
 12255 | IceCv    | Reached skill level 10 in Armour
 12363 | IceCv    | Reached skill level 11 in Shields
 12458 | IceCv    | Noticed a frost giant
 12491 | IceCv    | HP: 2/103 [frost giant/battleaxe of freezing (26)]
 12491 | IceCv    | Slain by a frost giant

Vault maps used:
D:1:      nagdon_arrival_double_spiral
D:2:      ecumenical_altar_2
D:3:      serial_bayou, serial_bayou_shore_b, serial_bayou_pond_d,
          serial_bayou_pond_d, serial_bayou_pond_c, grunt_decor_one_mirror,
          minmay_misc_feat_tower, nicolae_gozag_cash_rules_everything_around_me
D:4:      yredelemnul_altar_generic, amethyst_overflow_temple_binary,
          gammafunk_temple_overflow_claw, uniq_sigmund, uniq_robin
D:5:      portal_sewer_entry_f, first_bread
D:6:      lemuel_round_altar, minmay_temple_entry_junction,
          minmay_misc_feat_more_columns, makhleb_heckhound_becter,
          uniq_menkaure, uniq_prince_ribbit1
D:7:      nemelex_xobeh_ov_fountains_minmay, basic_altar
D:8:      uniq_erolcha, uniq_erica, uniq_psyche
D:9:      kennysheep_mini_moat, nicolae_overflow_hidden_temple, lair_0_dummy,
          orc_0_dummy, grunt_ogre_cave
D:10:     serial_shops, nicolae_shop_stone, david_defended_altar_orc
Temple:   roderic_octagonal_lattice_temple
Lair:1:   nicolae_quartered_pool_little, lemuel_fruit_tree,
          serial_bayou_shore_a, grunt_megastairs_4, serial_bayou_shore_b
Lair:2:   hangedman_lair_generics_rect, serial_bayou_shore_b
Lair:3:   statuecave_lemuel
Lair:4:   portal_ice_cave_entry_ice_beasts, beast_lair_carwin_2,
          infiniplex_staircase_pool, grunt_megastairs_3
Sewer:    sewer_co_cracked_pipes
IceCv:    ice_cave_small_giant

Skill      XL: |  1  2  3  4  5  6  7  8  9 10 11 12 13 |
---------------+----------------------------------------+-----
Shields        | 4 5 7 8 9 10 11 | 11.0
Long Blades    | 3 4 5 7 9 |  9.0
Slings         | 2 3 4 5 8 10 | 10.0
Fighting       | 4 5 10 | 10.1
Armour         | 4 6 8 9 10 | 10.0
Invocations    | 7 9 10 | 10.2

Action                   |  1- 3 |  4- 6 |  7- 9 | 10-12 | 13-15 || total
-------------------------+-------+-------+-------+-------+-------++-------
Melee: Long sword        |   118 |    74 |   255 |    52 |       ||   499
       Scimitar          |       |       |       |   554 |   110 ||   664
 Fire: Hunting sling     |       |    32 |   159 |   269 |    37 ||   497
Throw: Stone             |       |     5 |       |       |       ||     5
Invok: Lesser Healing    |       |       |       |       |     7 ||     7
       Greater Healing   |       |       |       |       |     1 ||     1
 Abil: Dig               |       |     3 |     4 |     7 |     3 ||    17
  Use: Scroll            |     6 |     7 |     5 |     9 |       ||    27
 Stab: Distracted        |       |       |       |     1 |       ||     1
  Eat: Chunk             |     2 |     5 |    13 |    19 |     1 ||    40
       Pizza             |       |       |       |     1 |       ||     1
